Map: Triton LE

Players

ShoWTimE - Winner!

  • Race: Protoss Protoss
  • Spawn Location: 5:00

Stephano

  • Race: Zerg Zerg
  • Spawn Location: 11:00

VOD

Have the link to the VOD?

Description

Time

  • Played on: Sept. 6, 2019, 12:59 p.m.
  • Length: 5:41
Show
View Real Time Build Order
Export as new Build Order

ShoWTimE Protoss - Winner!

Build Orders: 1 Gate Expand 

Get SALT Encoding   

  12  0:01  Probe  
  13  0:13  Probe  
  14  0:18  Pylon  
  14  0:25  Probe  
  15  0:33  Probe  
  15  0:38  Gateway  
  15  0:41  Probe  
  16  0:46  Assimilator  
  17  0:51  Probe  
  18  1:03  Probe  
  19  1:15  Probe  
  20  1:24  Nexus  
  20  1:33  Cybernetics Core  
  20  1:36  Probe  
  21  1:41  Assimilator  
  21  1:48  Probe  
  21  1:50  Pylon  
  22  2:00  Probe, Stalker  
  23  2:11  Warp Gate  
  23  2:12  Probe  
  26  2:23  Adept  
  26  2:24  Probe  
  26  2:25  Robotics Facility  
  27  2:33  Probe  
  27  2:36  Probe  
  31  2:41  Probe  
  31  2:48  Probe  
  31  2:50  Adept  
  33  2:51  Probe  
  36  3:00  Probe  
  36  3:02  Warp Prism  
  36  3:03  Probe  
  39  3:12  Probe  
  39  3:15  Probe  
  42  3:22  Pylon  
  42  3:26  Gateway  
  42  3:29  Immortal  
  46  3:46  Gateway  
  46  3:49  Gateway  
  46  3:56  Gateway  
  46  3:59  Gateway  
  46  4:01  Sentry  
  48  4:03  Gateway  
  48  4:15  Gateway  
  48  4:16  Pylon  
  48  4:18  Observer  
  48  4:22  Sentry  
  51  4:24  Adept  
  51  4:30  Pylon  
  53  4:39  Pylon  
  53  4:45  Stalker x3  
  59  4:48  Stalker  
  59  4:51  Pylon, Zealot  
  63  4:53  Zealot  
  63  5:07  Zealot  
  63  5:08  Zealot x3  
  63  5:13  Zealot x2  
  73  5:17  Zealot  
  73  5:19  Sentry  
  77  5:35  Stalker  
  77  5:36  Zealot x3  
  77  5:40  Pylon  
Show
View Real Time Build Order
Export as new Build Order

Stephano Zerg 

Build Orders: Hatch First 

Get SALT Encoding   

  12  0:01  Drone  
  13  0:12  Overlord  
  13  0:17  Drone  
  14  0:30  Drone x2  
  16  0:47  Hatchery  
  15  0:51  Drone  
  15  0:54  Drone  
  17  0:57  Drone  
  18  1:09  Extractor  
  17  1:13  Spawning Pool  
  17  1:15  Drone  
  17  1:19  Drone  
  18  1:28  Drone  
  19  1:38  Drone  
  20  1:49  Drone  
  21  1:59  Overlord, Queen x2  
  21  2:00  Zergling x2  
  26  2:11  Drone x2  
  28  2:22  Hatchery  
  27  2:25  Drone  
  27  2:26  Drone  
  29  2:32  Drone x2  
  31  2:38  Queen  
  31  2:42  Overlord  
  33  2:47  Overlord  
  33  2:54  Metabolic Boost  
  33  3:01  Drone x2  
  35  3:06  Drone x2  
  35  3:07  Drone x3  
  35  3:08  Drone  
  35  3:10  Drone  
  42  3:15  Drone  
  42  3:20  Overlord  
  42  3:23  Spore Crawler  
  42  3:25  Queen  
  43  3:27  Drone  
  43  3:31  Evolution Chamber  
  43  3:33  Overlord  
  43  3:36  Drone  
  43  3:37  Drone  
  45  3:42  Drone x2  
  45  3:43  Drone x2  
  45  3:47  Drone x2  
  51  3:49  Zergling x2  
  51  3:54  Spore Crawler, Zergling x4  
  53  3:56  Zergling x2  
  53  4:02  Spore Crawler  
  52  4:11  Zergling x6  
  56  4:17  Drone x7  
  56  4:18  Extractor  
  56  4:24  Roach Warren  
  61  4:26  Drone  
  61  4:27  Overlord  
  61  4:29  Extractor  
  60  4:33  Overlord  
  60  4:35  Spine Crawler  
  60  4:36  Spine Crawler  
  57  4:41  Overlord  
  57  4:43  Zergling x8  
  57  4:44  Zergling x2  
  62  4:49  Zergling x2  
  63  4:54  Zergling x2  
  63  4:55  Zergling x8  
  68  5:01  Zergling x8  
  68  5:05  Zergling x2  
  68  5:06  Zergling x6  
  70  5:12  Roach x2  
  69  5:15  Roach  
Tags
 
Add a new tag
Caveats
  • Supply blocks, unpowered buildings, or Contaminate may cause inaccurate times.
  • Supply counts are checked every 10 seconds.